 Dungeon Crawl Stone Soup version 0.29.1-15-g9cfb28693d (webtiles) character file.

Game seed: 2167269975288903722

374 BeingJoeMalik the Cudgeller (level 6, -2/37 HPs)
             Began as a Tengu Fighter on Mar 5, 2023.
             Was a Believer of Jiyva.
             Succumbed to a water moccasin's poison
             ... on level 5 of the Dungeon.
             The game lasted 00:09:47 (4472 turns).

BeingJoeMalik the Cudgeller (Tengu Fighter)         Turns: 4472, Time: 00:09:48

Health: -2/37      AC:  8    Str: 15 (16) XL:     6   Next: 72%
Magic:  7/7        EV: 10    Int: 15 (17) God:    Jiyva [**....]
Gold:   149        SH:  9    Dex: 10 (13) Spells: 5/5 levels left

rFire   . . .      SeeInvis .   a - +0 flail
rCold   + . .      Faith    .   c - +0 buckler
rNeg    . . .      Spirit   .   b - +0 scale mail
rPois   .          Reflect  +   q - +0 hat
rElec   .          Harm     .   (no cloak)
rCorr   +          Rampage  .   j - +0 pair of gloves
Will    .....                   (boots unavailable)
Stlth   ..........              v - amulet of reflection
HPRegen 1.08/turn               m - ring of protection from cold
MPRegen 0.40/turn               o - +6 ring of intelligence

@: brilliant, lethally poisoned (-2 -> -11), weak-willed, flying quickly and
evasively, hasted, invisible, very quick
A: beak, talons 3, nimble flight
a: Renounce Religion


You were on level 5 of the Dungeon.
You worshipped Jiyva.
Jiyva was pleased with you.
You visited 1 branch of the dungeon, and saw 5 of its levels.
You also visited: Sewer.

You collected 149 gold pieces.

Inventory:

Hand Weapons
 a - a +0 flail (weapon)
Missiles
 n - 13 poisoned darts (quivered)
 t - 2 javelins
Armour
 b - a +0 scale mail (worn)
 c - a +0 buckler (worn)
 j - a +0 pair of gloves (worn)
 q - a +0 hat (worn)
Jewellery
 m - a ring of protection from cold (left hand)
 o - a +6 ring of intelligence (right hand)
 v - an amulet of reflection (around neck)
Scrolls
 h - a scroll of immolation {unknown}
 i - 2 scrolls of vulnerability
 u - a scroll of enchant weapon {unknown}
Potions
 d - a potion of heal wounds {unknown}
 f - a potion of haste
 r - a potion of magic
 w - a potion of curing {unknown}


   Skills:
 - Level 3.0 Fighting
 + Level 7.6 Maces & Flails
 - Level 3.2 Armour
 - Level 3.0 Shields


You had 5 spell levels left.
You didn't know any spells.
Your spell library contained the following spells:

 Spells                   Type           Power      Damage    Failure   Level
 Necrotise                Necr           0%         1d4       80%         1
 Poisonous Vapours        Pois/Air       0%         N/A       90%         2
 Vampiric Draining        Necr           0%         2d6       99%         3
 Corpse Rot               Necr/Pois/Air  0%         N/A       100%        4
 Agony                    Necr           0%         N/A       100%        5


Dungeon Overview and Level Annotations

Branches:
Dungeon (5/15)              Sewer (visited)
 Temple: D:4-7

Altars:
Fedhas
Makhleb

Shops:
D:3 [

Annotations:
D:2 1 runed translucent door, Crazy Yiuf
D:5 Dowan, Duvessa


Innate Abilities, Weirdness & Mutations

You have a beak for a mouth.
You have claws for feet.
Your magical nature lets you fly swiftly and evasively.


Message History

The water moccasin barely misses you.
It was a potion of haste.
You feel yourself speed up.
You feel sick. The water moccasin bites you.
You are more poisoned.
The water moccasin poisons you!
You hear a distant slurping noise.
You block the water moccasin's attack.
You closely miss the water moccasin. Your peck misses the water moccasin.
You feel very sick.
The water moccasin bites you but does no damage.
You are too injured to fight recklessly!
You are too injured to fight recklessly!
You hit the water moccasin. Your kick misses the water moccasin.
Your peck misses the water moccasin.
The water moccasin is lightly wounded.
You feel very sick. The water moccasin barely misses you.
You barely miss the water moccasin.
The water moccasin is lightly wounded.
You feel very sick. You block the water moccasin's attack.
You closely miss the water moccasin. You claw the water moccasin!
You peck the water moccasin.
The water moccasin is moderately wounded.
You feel sick.
It was a potion of degeneration.
There was something very wrong with that liquid.
You feel weakened.
You feel dopey.
You feel clumsy.
You feel very sick. The water moccasin bites you.
* * * LOW HITPOINT WARNING * * *
You are more poisoned.
The water moccasin poisons you!
It was a potion of brilliance.
You feel clever all of a sudden.
* * * LOW HITPOINT WARNING * * *
You feel very sick. You block the water moccasin's attack.
It was a potion of invisibility.
You fade into invisibility!
You die...

#....#........#........
#....#........#........
#...e'........#........
#....#........#........
##...#........#.#####
#...########.......#
......#.....#.......#
.......#.....#.......#
........#...@.'.......#
#######
#..S###.......### #...
####......# .....
#......# .......
#.....<# .......
#......# .####..
#......### ###
###......# #......#


You could see a water moccasin (unable to see you).

Vanquished Creatures
  A black bear (D:4)
  A hound (D:5)
  2 iguanas (D:5)
  An orc wizard (D:4)
  9 adders
  A river rat (Sewer)
  A white imp (D:5)
  2 worms (D:2)
  3 dart slugs
  5 orcs
  7 ball pythons
  3 bats
  13 endoplasms
  6 giant cockroaches
  11 goblins
  6 hobgoblins
  5 jackals
  6 kobolds
  5 quokkas
  7 frilled lizards
  20 rats
115 creatures vanquished.

Vanquished Creatures (others)
  A water moccasin (D:4)
  A necrophage (D:5)
  3 jellies
  A hound (D:4)
  An adder (D:5)
  An ufetubus (D:4)
  2 orcs
  A goblin (D:4)
11 creatures vanquished.

Grand Total: 126 creatures vanquished

Notes
Turn   | Place    | Note
-------+----------+-------------------------------------------
     0 | D:1      | BeingJoeMalik the Tengu Fighter began the quest for the
                  | Orb.
     0 | D:1      | Reached XP level 1. HP: 14/14 MP: 2/2
   141 | D:1      | Reached XP level 2. HP: 6/19 MP: 3/3
   360 | D:1      | Reached skill level 3 in Maces & Flails
   638 | D:1      | Reached XP level 3. HP: 16/23 MP: 4/4
   845 | D:1      | Reached skill level 4 in Maces & Flails
  1647 | D:2      | Found a blossoming altar of Fedhas.
  1691 | D:2      | Reached XP level 4. HP: 28/28 MP: 5/5
  1910 | D:2      | Reached skill level 5 in Maces & Flails
  1926 | D:2      | Found a runed translucent door.
  1927 | D:2      | Noticed Crazy Yiuf
  2213 | D:3      | Found Zuph's Antique Armour Shoppe.
  2636 | D:3      | Gained mutation: Your magical nature lets you fly swiftly
                  | and evasively. [Tengu growth]
  2636 | D:3      | Reached XP level 5. HP: 29/32 MP: 6/6
  2644 | D:3      | Found a glowing drain.
  2653 | Sewer    | Entered a sewer
  2998 | Sewer    | Reached skill level 6 in Maces & Flails
  3059 | Sewer    | Found a viscous altar of Jiyva.
  3068 | Sewer    | Became a worshipper of Jiyva Jemec the Shapeless
  3359 | D:3      | Found a burning altar of Makhleb.
  3562 | D:4      | Reached XP level 6. HP: 33/37 MP: 7/7
  3671 | D:4      | Reached * piety under Jiyva
  3785 | D:4      | Killed a water moccasin
  3907 | D:4      | Noticed a black bear
  3920 | D:4      | Killed a black bear
  3921 | D:4      | Reached skill level 7 in Maces & Flails
  4125 | D:5      | Entered Level 5 of the Dungeon
  4202 | D:5      | Reached ** piety under Jiyva
  4414 | D:5      | Noticed Duvessa
  4414 | D:5      | Noticed Dowan
  4461 | D:5      | Noticed a water moccasin
  4471 | D:5      | HP: 1/37 [poisoned by a water moccasin]
  4472 | D:5      | Succumbed to a water moccasin's poison

Illustrated notes

Levels and vault maps discovered:
D:1:      dpeg_arrival_ratfight, layout_basic, minmay_misc_feat_square
D:2:      layout_loops_ring, basic_altar, uniq_crazy_yiuf_cottage
D:3:      layout_rooms, bloody_makhleb, portal_sewer_entry_b, serial_shops,
          shop, solitary_fountain, st_stairs_8
D:4:      layout_gridville, serial_park_tiny_1, minmay_misc_feat_alley
D:5:      layout_gridville, uniq_duvessa

Skill      XL: |  1  2  3  4  5  6 |
---------------+-------------------+-----
Maces & Flails | 3 4 5 6 7 |  7.6
Fighting       | |  3.0
Armour         | |  3.2
Shields        | |  3.0

Action                   |  1- 3 |  4- 6 || total
-------------------------+-------+-------++-------
Melee: Flail             |   105 |   156 ||   261
       Peck              |    15 |    13 ||    28
       Kick              |    20 |    43 ||    63
  Use: Potion            |       |     5 ||     5
       Scroll            |       |     4 ||     4
Armor: Scale mail        |    61 |    53 ||   114
Dodge: Dodged            |    47 |    44 ||    91
Block: Buckler           |    27 |    25 ||    52
